 Dungeon Crawl Stone Soup version 0.29-a0-319-gad05b8d819 (webtiles) character file.

Game seed: 14912073750874302278

530638 sizableburger the Warrior (level 24, -7/154 HPs)
             Began as a Deep Elf Fighter on Mar 31, 2022.
             Was a High Priest of Zin.
             Killed from afar by a white draconian stormcaller (14 damage)
             ... on level 3 of the Realm of Zot on Apr 2, 2022.
             The game lasted 04:50:43 (61387 turns).

sizableburger the Warrior (Deep Elf Fighter)       Turns: 61387, Time: 04:50:43

Health: -7/154     AC: 48    Str: 34      XL:     24   Next: 41%
Magic:  45/45      EV: 11    Int: 32      God:    Zin [*****.]
Gold:   1970       SH: 19    Dex: 13 (14) Spells: 27/55 levels left

rFire   + + .      SeeInvis +   K - +9 morningstar (freeze)
rCold   . . .      Faith    .   U - +2 kite shield of Gimissil {Regen+}
rNeg    . . .      Spirit   .   Q - +7 crystal plate armour of Wideas {rF+ Regen+}
rPois   .          Reflect  +   I - +2 helmet {Int+3}
rElec   +          Harm     .   r - +4 cloak of Peek-a-Boo {Contam Will+ Int+4 Slay+3}
rCorr   +          Rampage  .   J - +1 pair of gloves "Looduq" {rElec rF+ Str+3 Int+2}
Will    +++++                   w - +2 pair of boots
Stlth   ..........              T - amulet of Uzxeshocra {Reflect Str+5 SH+5}
HPRegen 1.95/turn               Z - ring "Rekkimu" {Will++ rCorr AC+4 SInv Stlth+}
MPRegen 0.29/turn               Y - ring of the Meager God {Will+ Str+7 Int+3}

@: silenced, on recite cooldown, invisible
A: no striking features
}: 3/15 runes: serpentine, barnacled, silver
a: Renounce Religion


You were on level 3 of the Realm of Zot.
You worshipped Zin.
Zin was extremely pleased with you.
You visited 9 branches of the dungeon, and saw 44 of its levels.
You also visited: Bailey, Gauntlet and Ice Cave.

You collected 7155 gold pieces.
You spent 4075 gold pieces at shops.
You donated 1110 gold pieces to Zin.

Inventory:

Hand Weapons
 t - a +9 sacred scourge of holy wrath
 K - a +9 morningstar of freezing (weapon)
Missiles
 p - 10 datura-tipped darts
 u - 9 throwing nets
 x - 9 curare-tipped darts (quivered)
 B - 14 atropa-tipped darts
 E - a silver javelin
Armour
 f - a +2 pair of gloves
 j - the +1 cloak of Starlight {*Dazzle EV+4 Stlth--}
   (You acquired it on level 2 of the Vaults)

   It may blind those who miss an attack against the wearer in melee combat.
   EV:        It affects your evasion (+4).
   Stlth:     It makes you much less stealthy.
 r - the +4 cloak of Peek-a-Boo (worn) {Contam Will+ Int+4 Slay+3}
   (You found it on level 2 of the Depths)

   Int:       It affects your intelligence (+4).
   Slay:      It affects your accuracy & damage with ranged weapons and melee
   (+3).
   Contam:    It causes magical contamination when unequipped.
   Will:      It increases your willpower.
 w - a +2 pair of boots (worn)
 I - a +2 helmet of intelligence (worn)
 J - the +1 pair of gloves "Looduq" (worn) {rElec rF+ Str+3 Int+2}
   (You found it on level 9 of the Dungeon)

   Str:       It affects your strength (+3).
   Int:       It affects your intelligence (+2).
   rF:        It protects you from fire.
   rElec:     It insulates you from electricity.
 Q - the +7 crystal plate armour of Wideas (worn) {rF+ Regen+}
   (You bought it in a shop on level 2 of the Orcish Mines)

   rF:        It protects you from fire.
   Regen:     It increases your rate of health regeneration.
 U - the +2 kite shield of Gimissil (worn) {Regen+}
   (You took it off a minotaur in a Gauntlet)

   Regen:     It increases your rate of health regeneration.
Jewellery
 k - the ring of Stoicism {Fly rPois rC++ Int-4 Dex+3}
   (You found it on level 6 of the Lair of Beasts)

   [ring of flight]

   Int:       It affects your intelligence (-4).
   Dex:       It affects your dexterity (+3).
   rC:        It greatly protects you from cold.
   rPois:     It protects you from poison.
   Fly:       It grants you flight.
 o - the ring "Nirrur" {rN++ Str+6 Dex-2 Stlth+}
   (You found it on level 1 of the Orcish Mines)

   [ring of strength]

   Str:       It affects your strength (+6).
   Dex:       It affects your dexterity (-2).
   rN:        It greatly protects you from negative energy.
   Stlth:     It makes you more stealthy.
 H - the amulet of Grace {+Inv Regen+ Str+6 Int-2 Stlth+}
   (You found it in a bailey)

   [amulet of regeneration]

   Str:       It affects your strength (+6).
   Int:       It affects your intelligence (-2).
   +Inv:      It lets you turn invisible.
   Regen:     It increases your rate of health regeneration.
   Stlth:     It makes you more stealthy.
 T - the amulet of Uzxeshocra (around neck) {Reflect Str+5 SH+5}
   (You found it on level 1 of the Depths)

   [amulet of reflection]

   It reflects blocked missile attacks.
   Str:       It affects your strength (+5).
   SH:        It affects your SH (+5).
 W - the ring "Ocze Ete" {MP+9 Slay+5}
   (You found it in a Gauntlet)

   [ring of magical power]

   Slay:      It affects your accuracy & damage with ranged weapons and melee
   (+5).
   MP:        It affects your magic capacity (+9).
 Y - the ring of the Meager God (right hand) {Will+ Str+7 Int+3}
   (You found it in a Gauntlet)

   [ring of willpower]

   Str:       It affects your strength (+7).
   Int:       It affects your intelligence (+3).
   Will:      It increases your willpower.
 Z - the ring "Rekkimu" (left hand) {Will++ rCorr AC+4 SInv Stlth+}
   (You found it in a Gauntlet)

   [ring of protection]

   AC:        It affects your AC (+4).
   SInv:      It lets you see invisible.
   rCorr:     It protects you from acid and corrosion.
   Will:      It greatly increases your willpower.
   Stlth:     It makes you more stealthy.
Wands
 l - a wand of flame (92)
 n - a wand of mindburst (14)
 y - a wand of paralysis (21)
 O - a wand of charming (3)
 V - a wand of iceblast (26)
 X - a wand of digging (17)
Scrolls
 b - 2 scrolls of magic mapping
 d - 2 scrolls of fear
 e - 25 scrolls of teleportation
 q - a scroll of enchant armour
 s - 3 scrolls of holy word
 z - 7 scrolls of fog
 D - 3 scrolls of silence
 F - 2 scrolls of summoning
 L - a scroll of brand weapon
 S - 2 scrolls of enchant weapon
Potions
 a - 2 potions of haste
 c - 3 potions of mutation
 g - 2 potions of cancellation
 h - 4 potions of curing
 m - a potion of brilliance
 v - 7 potions of attraction
 A - a potion of resistance
 C - a potion of ambrosia
 G - 2 potions of might
 R - a potion of magic


   Skills:
 + Level 16.6 Fighting
 - Level 3.8(11.8) Axes
 - Level 15.8(16.0) Maces & Flails
 - Level 4.4 Throwing
 + Level 12.5 Armour
 - Level 14.2 Dodging
 - Level 13.6 Shields
 - Level 16.1 Spellcasting
 - Level 9.0 Hexes
 + Level 13.3 Summonings
 - Level 11.1 Translocations
 - Level 9.1 Air Magic
 - Level 10.4 Earth Magic
 - Level 14.2 Invocations
 - Level 10.3 Evocations


You had 27 spell levels left.
You knew the following spells:

 Your Spells              Type           Power      Damage    Failure   Level
a - Blink                 Tloc           100%       N/A       1%          2
b - Swiftness             Air            71%        N/A       3%          3
c - Animate Armour        Summ/Erth      100%       N/A       3%          4
d - Summon Forest         Summ/Tloc      40%        N/A       9%          5
e - Summon Mana Viper     Hex/Summ       78%        N/A       13%         5
f - Summon Cactus Giant   Summ           42%        N/A       28%         6
g - Summon Guardian Gole  Hex/Summ       78%        N/A       1%          3

Your spell library contained the following spells:

 Spells                   Type           Power      Damage    Failure   Level
 Apportation              Tloc           100%       N/A       1%          1
 Sandblast                Erth           100%       2d20      1%          1
 Summon Small Mammal      Summ           100%       N/A       1%          1
 Call Canine Familiar     Summ           84%        N/A       1%          3
 Gell's Gravitas          Tloc           77%        N/A       1%          3
 Lesser Beckoning         Tloc           77%        N/A       1%          3
 Teleport Other           Tloc           77%        N/A       1%          3
 Confusing Touch          Hex            70%        N/A       3%          3
 Summon Lightning Spire   Summ/Air       78%        N/A       4%          4
 Passwall                 Tmut/Erth      46%        N/A       8%          2
 Corpse Rot               Necr/Air       100%       N/A       11%         2
 Ensorcelled Hibernation  Hex/Ice        100%       N/A       11%         2
 Static Discharge         Conj/Air       53%        N/A       11%         2
 Airstrike                Air            35%        N/A       11%         4
 Cause Fear               Hex            35%        N/A       11%         4
 Manifold Assault         Tloc           77%        N/A       13%         5
 Stone Arrow              Conj/Erth      100%       3d13      16%         3
 Inner Flame              Hex/Fire       53%        N/A       22%         3
 Summon Ice Beast         Ice/Summ       62%        N/A       28%         4
 Animate Skeleton         Necr           50%        N/A       41%         1
 Pain                     Necr           100%       1d9       41%         1
 Petrify                  Tmut/Erth      56%        N/A       45%         4
 Sublimation of Blood     Necr           25%        N/A       56%         2
 Wereblood                Tmut           25%        N/A       56%         2
 Dispersal                Tloc           38%        N/A       58%         6
 Conjure Flame            Conj/Fire      25%        6-21      80%         3
 Frozen Ramparts          Ice            50%        1d7       80%         3
 Ignite Poison            Fire/Tmut/Pois 25%        N/A       80%         3
 Ozocubu's Armour         Ice            25%        N/A       80%         3
 Borgnjor's Vile Clutch   Necr/Erth      28%        N/A       82%         5
 Summon Hydra             Summ           42%        N/A       85%         7
 Lightning Bolt           Conj/Air       26%        1d42      88%         5
 Metabolic Englaciation   Hex/Ice        26%        N/A       89%         5
 Yara's Violent Unravell  Hex/Tmut       26%        3d11      89%         5
 Dispel Undead            Necr           25%        3d12      99%         4
 Hailstorm                Conj/Ice       25%        3d7       99%         4
 Ice Form                 Ice/Tmut       25%        N/A       99%         4
 Sticky Flame             Conj/Fire      25%        2d5       99%         4
 Alistair's Intoxication  Tmut/Pois      16%        N/A       100%        5
 Blade Hands              Tmut           12%        N/A       100%        5
 Fireball                 Conj/Fire      12%        3d7       100%        5
 Irradiate                Conj/Tmut      12%        3d17      100%        5
 Death Channel            Necr           12%        N/A       100%        6
 Eringya's Noxious Bog    Tmut/Pois      12%        N/A       100%        6
 Iron Shot                Conj/Erth      28%        9d6       100%        6
 Simulacrum               Ice/Necr       12%        N/A       100%        6
 Orb of Destruction       Conj           12%        9d7       100%        7
 Spellforged Servitor     Conj/Summ      31%        N/A       100%        7
 Storm Form               Tmut/Air       26%        N/A       100%        7
 Borgnjor's Revivificati  Necr           12%        N/A       100%        8
 Discord                  Hex            35%        N/A       100%        8
 Lehudib's Crystal Spear  Conj/Erth      28%        10d7      100%        8
 Maxwell's Capacitive Co  Air            35%        ∞         100%        8


Dungeon Overview and Level Annotations

Branches:
Dungeon (15/15)            Temple (1/1) D:5            Lair (6/6) D:10
 Shoals (4/4) Lair:2        Snake (4/4) Lair:4        Slime (0/5) Lair:6
    Orc (2/2) D:11            Elf (0/3) Orc:2        Vaults (5/5) D:13
  Crypt (0/3) Vaults:3     Depths (4/4) D:15            Zot (3/5) Depths:4
 Bailey (visited)           IceCv (visited)         Gauntlet (visited)

Altars:
Ashenzari
Cheibriados
Dithmenos
Elyvilon
Fedhas
Gozag
Hepliaklqana
Kikubaaqudgha
Makhleb
Nemelex Xobeh
Okawaru
Qazlal
Ru
Sif Muna
Trog
Uskayaw
Vehumet
Wu Jian
Xom
Yredelemnul
Zin
The Shining One
Beogh
Jiyva
Lugonu

Shops:
D:7 (   Orc:2 [:(*   Snake:2 *:*   Snake:4 (

Portals:
Hell: Depths:1 Depths:2 Depths:3 Depths:4
Abyss: Depths:1 Depths:3 Depths:4
Pandemonium: Depths:2 Depths:3
Ziggurat: Depths:1
Trove: D:14 (give +4 demon whip)

Annotations:
D:8 1 runed translucent door
D:14 Roxanne
Lair:4 exclusion: oklob plant


Message History

The rime drake is engulfed in noxious fumes.
The rime drake bites the red draconian scorcher.
The purple draconian shifter is engulfed in noxious fumes.
The purple draconian shifter misses the red draconian scorcher.
Aiming: Charm
Press: ? - help, Shift-Dir - straight line, f/p - white draconian stormcaller
Aim: a white draconian stormcaller, wielding a +0 long sword and wearing a +0 cloak (noxious fumes, moderately wounded, covered in acid, chance to affect: 54%)
The black draconian knight resists with significant effort.
The black draconian knight is engulfed in noxious fumes.
You block the black draconian knight's attack.
The black draconian knight is engulfed in noxious fumes.
The red draconian scorcher is engulfed in noxious fumes.
The rime drake is engulfed in noxious fumes.
The rime drake appears confused.
The rime drake barely misses the red draconian scorcher.
The black draconian knight is engulfed in noxious fumes.
The black draconian knight hits you with a +2 vorpal long sword!
* * * LOW HITPOINT WARNING * * *
x2 The white draconian stormcaller is engulfed in noxious fumes.
The purple draconian shifter is engulfed in noxious fumes.
The purple draconian shifter closely misses the red draconian scorcher.
The purple draconian shifter hits itself but does no damage.
Okay, then.
Magic scrolls do not work when you're silenced!
Okay, then.
Unknown command.
Press: ? - help, v - describe, . - travel, g - get item
Here: a black draconian knight, wielding a +2 vorpal long sword and wearing a +1 cloak (silenced, lightly wounded, fast, dazed)
Items here: a +4 vorpal long sword; a +0 cloak.
The floor, spattered with blood.
Unknown command.
You fade into invisibility!
The black draconian knight breathes lightning at you.
The bolt of lightning hits you! You resist.
* * * LOW HITPOINT WARNING * * *
The rime drake bites the swamp drake but does no damage.
The white draconian stormcaller mumbles some strange prayers to Qazlal against you.
The blast of rubble hits the black draconian knight!
The blast of rubble hits you!
You die...

...# ...#
...## .q.#
#kk# #d.# .##
#kk########
..#
#kqqqq@...#
#..#
#.q########
#..# #..# #..#
#..# #..# #^.#
###..# #..#
.....# #..#
.....######.[#
###..........#


You could see 2 draconians, a purple draconian shifter (confused, can't see
you), a white draconian stormcaller (can't see you, corroded), a red draconian
scorcher (can't see you), a death drake (summoned, can't see you, poisoned,
corona), a rime drake (summoned, confused, can't see you) and a swamp drake
(summoned, can't see you, catching breath).

Vanquished Creatures
  An orb of fire (Zot:1)
  An ancient lich (Vaults:3)
  2 juggernauts (Depths:2)
  Saint Roka (Vaults:1)
  A caustic shrike (Depths:4)
  2 golden dragons
  A bone dragon (Depths:4)
  10 tentacled monstrosities
  2 electric golems (Zot:2)
  Asterion (Depths:1)
  3 titans
  4 liches
  A walking earthen tome (Depths:4)
  5 quicksilver dragons
  A kraken (Shoals:3)
  The ghost of dolemite99 the Severer, an adept HOFi of Qazlal (Shoals:3)
  3 death cobs
  6 sphinxes
  Frances (Shoals:2)
  7 tengu reavers
  2 shadow dragons
  The ghost of Mionokh the Severer, an adept HOMo of Beogh (Shoals:2)
  3 draconian knights
  9 storm dragons
  8 fire giants
  7 nagarajas
  An emperor scorpion (shapeshifter) (Depths:1)
  An iron dragon (Vaults:4)
  5 orc warlords
  A draconian shifter (Zot:1)
  Louise (Depths:2)
  5 frost giants
  Aizul (Vaults:1)
  2 ghost moths
  2 draconian scorchers (Zot:1)
  13 vault wardens
  A draconian stormcaller (Depths:4)
  13 ironbound preservers
  6 war gargoyles
  10 ironbound thunderhulks
  A draconian annihilator (Zot:1)
  20 very ugly things
  A deep elf demonologist (Vaults:4)
  16 stone giants
  3 vampire knights
  A reaper (IceCv)
  A lorocyproca (Depths:3)
  4 yellow draconians
  2 black draconians
  5 entropy weavers
  2 green draconians
  2 deep elf annihilators
  2 red draconians
  3 dire elephants (Vaults:1)
  A minotaur (Gauntlet)
  2 purple draconians (Zot:1)
  A bunyip (shapeshifter) (Depths:3)
  2 white draconians
  8 crystal guardians
  2 spark wasps (Depths:2)
  A deep elf death mage (Vaults:5)
  7 fire dragons
  4 merfolk javelineers
  13 merfolk impalers
  10 ettins
  2 rakshasas (Depths:1)
  The ghost of Grognak the Basher, a journeyman MiFi (Orc:1)
  3 great orbs of eyes
  4 salamander tyrants
  10 boulder beetles
  A spriggan zombie (Depths:2)
  17 yaktaur captains
  5 hydras
  An alligator snapping turtle (Shoals:4)
  An ice dragon (Depths:2)
  9 ironbound frosthearts
  3 spriggan air magi
  33 vault guards
  3 ogre magi
  19 naga warriors
  4 catoblepae
  9 anacondas
  8 peacekeepers
  Erica (D:8)
  9 merfolk aquamancers
  13 tengu warriors
  A ghost crab (Gauntlet)
  2 satyrs (Shoals:3)
  17 two-headed ogres
  A boulder beetle (shapeshifter) (Vaults:5)
  20 centaur warriors
  3 merfolk avatars
  2 death knights
  A dancing weapon (Vaults:4)
  2 deep troll shamans
  9 death yaks
  2 vampire magi
  Urug (D:13)
  11 deep troll earth magi
  2 orc high priests (Orc:1)
  8 spriggan berserkers
  4 shock serpents
  2 soul eaters
  10 naga sharpshooters
  Nergalle (Orc:2)
  A sun demon (Depths:3)
  7 iron trolls
  Lodul (D:14)
  Amaemon (Lair:3)
  8 salamander mystics
  A storm dragon skeleton (Depths:2)
  A fire crab (shapeshifter) (Vaults:4)
  A spark wasp zombie (Depths:2)
  18 skeletal warriors
  7 glowing orange brains
  13 sea snakes
  A sea snake (shapeshifter) (Depths:2)
  A deep elf archer (D:14)
  7 naga ritualists
  2 flayed ghosts
  12 wizards
  A lindwurm (shapeshifter) (Vaults:4)
  A shadow dragon zombie (Depths:2)
  An obsidian statue (Shoals:3)
  8 necromancers
  63 deep trolls
  13 orc knights
  A deep elf pyromancer (D:12)
  15 harpies
  18 ironbound convokers
  16 lindwurms
  An iron dragon zombie (Depths:2)
  6 phantasmal warriors
  An oklob plant (D:10)
  4 mana vipers
  2 fauns (shapeshifter) (Vaults:4)
  A frost giant skeleton (Depths:2)
  21 manticores
  4 orc sorcerers
  24 salamanders
  5 fauns
  50 ugly things
  A fire giant zombie (Depths:2)
  A cyclops (D:10)
  An elephant (shapeshifter) (Vaults:1)
  17 naga magi
  6 moths of wrath
  14 elephants
  3 guardian serpents
  An orange demon (Lair:3)
  9 water nymphs
  A stone giant skeleton (Vaults:4)
  7 merfolk sirens
  An eye of devastation (Depths:1)
  A rust devil (Depths:3)
  Joseph (D:7)
  34 black mambas
  An ice statue (IceCv)
  A smoke demon (Depths:3)
  18 vault sentinels
  15 cane toads
  2 gargoyles
  4 kobold demonologists
  8 rime drakes
  An unseen horror (D:12)
  18 komodo dragons
  3 freezing wraiths
  52 yaktaurs
  Psyche (D:9)
  5 tengu conjurers
  5 anaconda simulacra (IceCv)
  An entropy weaver simulacrum (IceCv)
  A golden dragon simulacrum (Depths:2)
  An ice devil (Gauntlet)
  2 red devils (Depths:3)
  36 merfolk
  3 trolls
  4 polar bears
  8 blink frogs
  35 slime creatures
  Grinder (D:3)
  2 dream sheep (shapeshifter)
  16 wind drakes
  A snapping turtle (shapeshifter) (D:14)
  5 snapping turtles
  6 centaur simulacra (D:12)
  A vampire (D:12)
  25 water elementals
  3 wraiths
  12 wyverns
  A ynoxinul (Depths:3)
  18 humans (D:13)
  A spriggan (shapeshifter) (D:14)
  64 yaks
  7 air elementals (Shoals:4)
  A dire elephant simulacrum (IceCv)
  9 basilisks
  A redback (shapeshifter) (Depths:4)
  A chaos spawn (Depths:3)
  2 death yak simulacra (IceCv)
  5 steam dragons
  11 vampire mosquitoes
  4 redbacks
  A harpy simulacrum (IceCv)
  8 wargs
  2 acid dragons
  53 nagas
  2 floating eyes
  12 water moccasins
  2 floating eyes (shapeshifter)
  5 ice beasts (D:12)
  3 meliai simulacra (D:12)
  A black bear (Lair:4)
  Pargi (D:3)
  40 orc warriors
  8 ogres
  5 boggarts
  16 wolves
  13 centaurs
  8 kobold brigands
  9 bullfrogs
  4 cane toad simulacra (IceCv)
  A necrophage (D:4)
  6 two-headed ogre simulacra (IceCv)
  A glowing shapeshifter simulacrum (Vaults:4)
  5 gnoll sergeants
  3 scorpions (D:5)
  17 wights
  9 killer bees
  2 elephant simulacra (IceCv)
  2 howler monkeys
  3 electric eels
  A jelly (D:6)
  3 hounds
  A jelly (shapeshifter) (Vaults:5)
  28 orc priests
  3 iguanas
  33 orc wizards
  2 troll simulacra (IceCv)
  A polar bear simulacrum (IceCv)
  4 hell rats (Lair:5)
  4 spriggan simulacra (IceCv)
  A wolf simulacrum (IceCv)
  30 gnolls
  10 adders
  4 naga simulacra (IceCv)
  4 shadow imps (Gauntlet)
  18 white imps
  5 ufetubi (IceCv)
  2 worms (D:2)
  2 dart slugs
  A worm (shapeshifter) (Vaults:4)
  91 orcs
  12 endoplasms
  5 giant cockroaches
  10 goblins
  3 hobgoblins
  3 quokkas
  10 ball pythons
  9 bats
  A frilled lizard (D:2)
  A goblin skeleton (D:8)
  36 kobolds
  A kobold zombie (D:8)
  5 rats
  2 lurking horrors (Depths:4)
  5 tentacles (Shoals:3)
1966 creatures vanquished.

Vanquished Creatures (collateral kills)
  A juggernaut (Depths:4)
  9 caustic shrikes (Depths:4)
  3 golden dragons
  A bone dragon (Depths:4)
  3 electric golems
  3 tentacled monstrosities (Zot:2)
  A quicksilver dragon (Zot:3)
  A death cob (Zot:2)
  A sphinx (Depths:4)
  A tengu reaver (Depths:4)
  6 storm dragons
  4 shadow dragons
  A draconian monk (Depths:4)
  A draconian knight (Zot:1)
  A draconian scorcher (Zot:1)
  A yellow draconian (Zot:1)
  4 black draconians
  2 green draconians (Zot:1)
  4 purple draconians
  3 red draconians
  3 white draconians
  A deep troll shaman (Depths:2)
  A spriggan berserker (Depths:4)
  An iron troll (Depths:4)
  2 orc knights (Bailey)
  A salamander (Snake:3)
  A moth of wrath (Zot:1)
  2 water nymphs (Shoals:4)
63 creatures vanquished.

Vanquished Creatures (others)
  A tentacled monstrosity (Zot:3)
  A fire dragon (Depths:4)
  A two-headed ogre (D:14)
  A vault sentinel (Vaults:1)
  A yaktaur (Vaults:1)
  A merfolk (Shoals:3)
  A troll (D:12)
  A snapping turtle (Shoals:2)
  An elf zombie (Vaults:4)
  2 orc warriors
  An ogre (Vaults:1)
  An orc wizard (Vaults:1)
  An orc (Vaults:1)
  11 fungi
  124 plants
  7 tentacles (Shoals:3)
  14 withered plants (Gauntlet)
170 creatures vanquished.

Grand Total: 2199 creatures vanquished

Notes
Turn   | Place    | Note
-------+----------+-------------------------------------------
     0 | D:1      | sizableburger the Deep Elf Fighter began the quest for the
                  | Orb.
     0 | D:1      | Reached XP level 1. HP: 13/13 MP: 3/3
   150 | D:1      | Reached XP level 2. HP: 14/18 MP: 4/4
   428 | D:1      | Found a faded altar of an unknown god.
   694 | D:1      | Reached XP level 3. HP: 6/23 MP: 5/5
  1489 | D:2      | Reached skill level 1 in Dodging
  2026 | D:2      | Reached XP level 4. HP: 27/28 MP: 6/6
  3172 | D:2      | Reached skill level 1 in Maces & Flails
  3286 | D:3      | Reached XP level 5. HP: 31/32 MP: 7/7
  3309 | D:3      | Noticed Pargi
  3363 | D:3      | Found an ornate altar of the Wu Jian Council.
  3471 | D:4      | Identified a scroll of acquirement
  3474 | D:4      | Acquired an amulet of regeneration
  3520 | D:3      | Killed Pargi
  3523 | D:3      | Reached XP level 6. HP: 13/37 MP: 8/8
  3527 | D:3      | Noticed Grinder
  3533 | D:3      | Killed Grinder
  3827 | D:3      | Reached XP level 7. HP: 22/41 MP: 9/9
  4174 | D:4      | Reached skill level 5 in Maces & Flails
  4660 | D:4      | Found a broken altar of Ashenzari.
  4664 | D:4      | Saw a vision of the Shoals and the Snake Pit.
  4664 | D:4      | Noticed a merfolk
  4664 | D:4      | Noticed a naga mage
  4664 | D:4      | Noticed a naga mage
  4664 | D:4      | Noticed a merfolk
  4695 | D:5      | Entered Level 5 of the Dungeon
  4978 | D:3      | Reached XP level 8. HP: 36/46 MP: 10/10
  5972 | D:5      | Found a staircase to the Ecumenical Temple.
  6010 | Temple   | Entered the Ecumenical Temple
  6931 | D:6      | Reached skill level 1 in Evocations
  7385 | D:7      | Found Vuylonih's Weapon Shop.
  7403 | D:7      | Found a glowing golden altar of the Shining One.
  7408 | D:7      | Became a worshipper of the Shining One
  7636 | D:7      | Found a hazy altar of Hepliaklqana.
  7977 | D:7      | Noticed Joseph
  7992 | D:7      | Reached skill level 1 in Throwing
  8002 | D:7      | Killed Joseph
  8003 | D:7      | Reached XP level 9. HP: 33/52 MP: 11/11
  8281 | D:8      | Noticed Erica
  8281 | D:8      | Noticed a cyan ugly thing
  8281 | D:8      | Noticed a gargoyle
  8517 | D:8      | Killed Erica
  8518 | D:8      | Reached skill level 5 in Fighting
  8669 | D:8      | Found a white marble altar of Elyvilon.
  8670 | D:8      | Found a sacrificial altar of Ru.
  8737 | D:8      | Killed a gargoyle
  8738 | D:8      | Reached skill level 5 in Dodging
  8743 | D:8      | Killed a cyan ugly thing
  8744 | D:8      | Reached XP level 10. HP: 36/60 MP: 12/12
  8785 | D:8      | Found a runed translucent door.
  8839 | D:8      | Reached * piety under the Shining One
  8923 | D:8      | Found a flagged portal.
  8933 | D:8      | Reached skill level 1 in Invocations
  8937 | Bailey   | Entered a bailey
  9203 | Bailey   | Noticed an orc knight
  9203 | Bailey   | Noticed an orc knight
  9208 | Bailey   | Killed an orc knight
  9213 | Bailey   | Killed an orc knight
  9453 | Bailey   | Found the +15 Maxwell's patent armour {-Cast -Tele rElec
                  | Will+ rCorr}
  9456 | Bailey   | Identified the amulet of Grace {+Inv Regen+ Str+6 Int-2
                  | Stlth+}
  9672 | D:8      | Identified the +5 spear of the Burning Gods {freeze, Fly
                  | MP+9 Str-4 Int+3}
  9804 | D:8      | Found a basalt altar of Yredelemnul.
 10070 | D:9      | Noticed Psyche
 10075 | D:9      | Killed Psyche
 10120 | D:9      | Noticed a soul eater
 10343 | D:9      | Identified the +1 pair of gloves "Looduq" {rElec rF+ Str+3
                  | Int+2}
 10411 | D:9      | Reached ** piety under the Shining One
 10481 | D:9      | Noticed a skeletal warrior
 10510 | D:9      | Killed a skeletal warrior
 10511 | D:9      | Reached XP level 11. HP: 50/67 MP: 16/16
 10537 | D:9      | Noticed a skeletal warrior
 10556 | D:9      | Killed a skeletal warrior
 10586 | D:9      | Noticed a skeletal warrior
 10618 | D:9      | Killed a skeletal warrior
 10648 | D:9      | Noticed a tengu warrior
 10648 | D:9      | Noticed a tengu warrior
 10660 | D:9      | Killed a tengu warrior
 10668 | D:9      | Killed a tengu warrior
 11038 | D:10     | Entered Level 10 of the Dungeon
 11072 | D:10     | Noticed an oklob plant
 11099 | D:10     | Killed an oklob plant
 11121 | D:10     | Found a staircase to the Lair.
 11208 | D:10     | Reached skill level 5 in Evocations
 11763 | D:10     | Found a sparkling altar of Nemelex Xobeh.
 11964 | Lair:1   | Entered Level 1 of the Lair of Beasts
 12118 | Lair:1   | Reached *** piety under the Shining One
 12373 | Lair:1   | Reached XP level 12. HP: 72/72 MP: 17/17
 12915 | Lair:1   | Reached skill level 5 in Shields
 13354 | Lair:2   | Reached skill level 10 in Maces & Flails
 13507 | Lair:2   | Found a staircase to the Shoals.
 13949 | Lair:3   | Noticed a six-headed hydra
 13961 | Lair:3   | Killed a six-headed hydra
 14220 | Lair:3   | Found a gate leading to a gauntlet.
 14229 | Gauntlet | Entered a Gauntlet
 14229 | Gauntlet | Found a transporter.
 14229 | Gauntlet | Found a transporter.
 14229 | Gauntlet | Found a transporter.
 14229 | Gauntlet | Found a transporter.
 14294 | Gauntlet | Found a transporter.
 14298 | Gauntlet | Reached **** piety under the Shining One
 14306 | Gauntlet | Found a transporter.
 14308 | Gauntlet | Found a transporter.
 14326 | Gauntlet | Found a transporter.
 14339 | Gauntlet | Noticed a ghost crab
 14342 | Gauntlet | Identified the +2 kite shield of Gimissil {Regen+}
 14342 | Gauntlet | Noticed a minotaur
 14343 | Gauntlet | Found a transporter.
 14360 | Gauntlet | Found a transporter.
 14364 | Gauntlet | Found a transporter.
 14380 | Gauntlet | Found a transporter.
 14497 | Gauntlet | Killed a ghost crab
 14503 | Gauntlet | Identified the ring "Ocze Ete" {MP+9 Slay+5}
 14530 | Gauntlet | Killed a minotaur
 14582 | Gauntlet | Identified the ring of the Meager God {Will+ Str+7 Int+3}
 14582 | Gauntlet | Identified the ring "Rekkimu" {Will++ rCorr AC+4 SInv
                  | Stlth+}
 14646 | Lair:3   | Noticed a four-headed hydra
 14653 | Lair:3   | Killed a four-headed hydra
 14704 | Lair:3   | Noticed Amaemon
 14723 | Lair:3   | Killed Amaemon
 14732 | Lair:3   | Reached XP level 13. HP: 74/76 MP: 18/18
 15336 | Lair:4   | Found a staircase to the Snake Pit.
 15349 | Lair:4   | Found a stormy altar of Qazlal.
 15905 | Lair:4   | Reached ***** piety under the Shining One
 16673 | Lair:5   | Reached skill level 5 in Invocations
 17197 | Lair:6   | Entered Level 6 of the Lair of Beasts
 17335 | Lair:6   | Reached XP level 14. HP: 82/82 MP: 21/21
 17542 | Lair:6   | Found an ornate altar of the Wu Jian Council.
 17542 | Lair:6   | Found a hide-covered altar of Uskayaw.
 17632 | Lair:6   | Reached skill level 10 in Shields
 18042 | Lair:6   | Identified the ring of Stoicism {Fly rPois rC++ Int-4
                  | Dex+3}
 18131 | Lair:6   | Found a staircase to the Slime Pits.
 18662 | D:11     | Found a staircase to the Orcish Mines.
 19206 | D:11     | Identified the +2 pair of gloves of Monotheism {Rampage
                  | rPois rF+ Will-}
 19452 | Orc:1    | Entered Level 1 of the Orcish Mines
 19566 | Orc:2    | Entered Level 2 of the Orcish Mines
 19602 | Orc:2    | Noticed an orc warlord
 19746 | Orc:2    | Killed an orc warlord
 19759 | Orc:2    | Found a staircase to the Elven Halls.
 19786 | Orc:1    | Noticed an orc warlord
 19846 | Orc:2    | Killed an orc warlord
 19919 | Orc:1    | Noticed Grognak's ghost (journeyman MiFi)
 20168 | Orc:1    | Reached ****** piety under the Shining One
 20174 | Orc:1    | Identified a +3 sacred scourge of holy wrath (a +1 demon
                  | whip of venom blessed by the Shining One)
 20174 | Orc:1    | Received a gift from the Shining One
 20411 | Temple   | Fell from the grace of the Shining One
 20411 | Temple   | Became a worshipper of Zin the Law-Giver
 20411 | Temple   | Reached * piety under Zin
 20411 | Temple   | Reached ** piety under Zin
 20411 | Temple   | Reached *** piety under Zin
 20411 | Temple   | Reached **** piety under Zin
 20411 | Temple   | Reached ***** piety under Zin
 20416 | Temple   | Donated 817 gold pieces to Zin
 20658 | Orc:1    | Found a transporter.
 20769 | Orc:1    | Found a transporter.
 20806 | Orc:1    | Killed Grognak's ghost
 20822 | Orc:1    | Identified the ring "Nirrur" {rN++ Str+6 Dex-2 Stlth+}
 20859 | Orc:2    | Noticed an orc warlord
 20896 | Orc:1    | Killed an orc warlord
 20983 | Orc:2    | Reached XP level 15. HP: 85/86 MP: 23/23
 21152 | Orc:2    | Noticed Nergalle
 21168 | Orc:2    | Killed Nergalle
 21201 | Orc:2    | Found Quogaxia's Antique Armour Shoppe.
 21274 | Orc:2    | Found Osaatwuts's Antique Weapon Shoppe.
 21289 | Orc:2    | Found Egamu's Book Shoppe.
 21376 | Orc:2    | Found Zuor's General Store.
 21669 | D:12     | Found a frozen archway.
 21678 | IceCv    | Entered an ice cave
 22389 | IceCv    | Reached ****** piety under Zin
 22548 | IceCv    | Identified the ring of Mirol {Fly rElec rF+ Str+6 Dex-4}
 23045 | D:12     | Reached skill level 10 in Evocations
 23779 | D:13     | Reached skill level 5 in Armour
 23875 | D:13     | Noticed Urug
 23900 | D:13     | Killed Urug
 24120 | D:13     | Found a gate to the Vaults.
 24690 | D:13     | Reached XP level 16. HP: 74/94 MP: 24/24
 25598 | D:14     | Noticed Lodul
 25626 | D:14     | Killed Lodul
 25747 | D:14     | Found a portal to a secret trove of treasure.
 25877 | D:14     | Identified Roxanne's Catalogue of the Mountains
 25877 | D:14     | Noticed Roxanne
 26300 | D:15     | Entered Level 15 of the Dungeon
 26437 | Orc:2    | Bought a bloodstained crystal plate armour for 1530 gold
                  | pieces
 26437 | Orc:2    | Identified the +7 crystal plate armour of Wideas {rF+
                  | Regen+} (You bought it in a shop on level 2 of the Orcish
                  | Mines)
 26642 | D:15     | Found a runed translucent door.
 26643 | D:15     | Identified the +7 hand axe "Qihoigge" {holy, rC++}
 26643 | D:15     | Identified the +4 flail "Canteh" {distort, rElec rC- MP+9
                  | Dex-5}
 27012 | D:15     | Identified the ring "Zuaceola" {Contam MP+9 Int+6}
 27013 | D:15     | Identified the amulet "Zuerifaloi" {Acrobat rPois Str-5
                  | Slay+6}
 27081 | D:15     | Learned a level 2 spell: Blink
 27126 | D:15     | Found a staircase to the Depths.
 27167 | D:15     | Reached skill level 1 in Spellcasting
 27179 | D:15     | Reached skill level 1 in Translocations
 28373 | Snake:1  | Entered Level 1 of the Snake Pit
 28593 | Snake:1  | Reached XP level 17. HP: 46/101 MP: 26/26
 28631 | Snake:1  | Found a stormy altar of Qazlal.
 28773 | Snake:1  | Reached skill level 5 in Spellcasting
 28776 | Snake:1  | Reached skill level 10 in Fighting
 29288 | Snake:2  | Found Alokimukk's Assorted Antiques.
 29296 | Snake:2  | Bought a scroll labelled EXETHR FESTOXKE for 19 gold pieces
 29324 | Snake:2  | Found Ympuit's Book Shoppe.
 29338 | Snake:2  | Reached skill level 5 in Translocations
 29872 | Snake:2  | Found Liexetz's Assorted Antiques.
 30437 | Snake:3  | Identified the +1 plate armour of Submission {rC+ Str+3}
 31089 | Snake:4  | Entered Level 4 of the Snake Pit
 31433 | Snake:4  | Found Qant's Weapon Shop.
 31722 | Snake:4  | Reached XP level 18. HP: 79/107 MP: 32/32
 32117 | Snake:4  | HP: 4/107 [nagaraja/+0 spear (31)]
 32375 | Snake:4  | Got a serpentine rune of Zot
 32709 | Shoals:1 | Entered Level 1 of the Shoals
 32851 | Shoals:1 | Reached skill level 10 in Spellcasting
 33538 | Shoals:2 | Noticed Frances
 33553 | Shoals:2 | Killed Frances
 33775 | Shoals:2 | Learned a level 3 spell: Swiftness
 33875 | Shoals:2 | Found a runed translucent door.
 33879 | Shoals:2 | Noticed Mionokh's ghost (adept HOMo)
 33916 | Shoals:2 | Killed Mionokh's ghost
 34000 | Shoals:2 | Reached skill level 1 in Air Magic
 34307 | Shoals:2 | Reached skill level 15 in Maces & Flails
 34528 | Shoals:3 | Found a runed translucent gate.
 34528 | Shoals:3 | Found a runed translucent gate.
 34528 | Shoals:3 | Found a runed translucent gate.
 34530 | Shoals:3 | Found an opulent altar of Gozag.
 34531 | Shoals:3 | Noticed dolemite99's ghost (adept HOFi)
 35333 | Shoals:3 | Killed dolemite99's ghost
 35488 | Shoals:4 | Entered Level 4 of the Shoals
 35532 | Shoals:4 | Paralysed by an air elemental for 1 turns
 35536 | Shoals:4 | Paralysed by an air elemental for 1 turns
 36059 | Shoals:4 | Reached XP level 19. HP: 38/113 MP: 35/37
 36537 | Shoals:4 | Paralysed by an air elemental for 1 turns
 36541 | Shoals:4 | Paralysed by an air elemental for 1 turns
 36546 | Shoals:4 | Paralysed by an air elemental for 1 turns
 36581 | Shoals:4 | Paralysed by an air elemental for 1 turns
 36618 | Shoals:4 | Paralysed by an air elemental for 1 turns
 36621 | Shoals:4 | Paralysed by an air elemental for 1 turns
 36626 | Shoals:4 | Paralysed by an air elemental for 1 turns
 36757 | Shoals:4 | Reached skill level 5 in Air Magic
 36813 | Shoals:4 | Got a barnacled rune of Zot
 36822 | Shoals:4 | Identified the +3 scale mail of the Volcano {Rampage}
 37487 | Vaults:1 | Entered Level 1 of the Vaults
 37682 | Vaults:1 | Upgraded the game from 0.29-a0-284-gf9362112df to
                  | 0.29-a0-319-gad05b8d819
 38037 | Vaults:1 | Noticed Aizul
 38066 | Vaults:1 | Killed Aizul
 39095 | Vaults:1 | Noticed Saint Roka
 39630 | Vaults:1 | Killed Saint Roka
 39631 | Vaults:1 | Reached skill level 10 in Dodging
 39973 | Vaults:1 | Got the Reference Book on Sinister Bewitchment
 41204 | Vaults:2 | HP: 5/115 [ironbound thunderhulk/bolt of lightning (35)]
 41282 | Vaults:1 | Reached XP level 20. HP: 120/120 MP: 39/39
 41568 | Vaults:1 | Reached skill level 10 in Invocations
 42259 | Vaults:2 | Reached skill level 10 in Armour
 42834 | Vaults:2 | Acquired the +1 cloak of Starlight {*Dazzle EV+4 Stlth--}
 42834 | Vaults:2 | Found the +1 cloak of Starlight {*Dazzle EV+4 Stlth--}
 43150 | Orc:2    | Bought a manual of Fighting for 1200 gold pieces
 43363 | Snake:2  | Bought a book of Iron for 756 gold pieces
 43368 | Snake:2  | Learned a level 4 spell: Animate Armour
 43888 | Vaults:3 | Reached skill level 1 in Earth Magic
 43897 | Vaults:3 | Reached skill level 1 in Summonings
 44295 | Vaults:3 | Noticed an ancient lich
 44312 | Vaults:3 | Killed an ancient lich
 44493 | Vaults:3 | You fall into a shaft and drop 1 floor!
 44503 | Vaults:4 | Found the necklace of Bloodlust {*Rage Will++ Int-3 Slay+6}
 45218 | Vaults:3 | Found a staircase to the Crypt.
 45305 | Vaults:3 | Reached XP level 21. HP: 72/127 MP: 41/41
 46295 | Vaults:4 | Reached skill level 5 in Summonings
 46295 | Vaults:4 | Reached skill level 5 in Earth Magic
 47238 | Depths:1 | Entered Level 1 of the Depths
 47352 | Depths:1 | Found a one-way gateway to a ziggurat.
 47453 | Depths:1 | Paralysed by a floating eye for 4 turns
 47460 | Depths:1 | Paralysed by a floating eye for 3 turns
 47469 | Depths:1 | Paralysed by a floating eye for 3 turns
 47478 | Depths:1 | Paralysed by a floating eye for 4 turns
 47561 | Depths:1 | Found a bloodstained altar of Trog.
 47653 | Depths:1 | Identified the amulet of Uzxeshocra {Reflect Str+5 SH+5}
 47736 | Depths:1 | Identified the +2 kite shield "Xava" {Will++}
 47736 | Depths:1 | Noticed Asterion
 47754 | Depths:1 | Killed Asterion
 47809 | Depths:1 | Found a gateway to Hell.
 47852 | Depths:1 | Found a one-way gate to the infinite horrors of the Abyss.
 48308 | Depths:1 | Found a viscous altar of Jiyva.
 48665 | Depths:2 | Paralysed by a floating eye for 4 turns
 48676 | Depths:2 | Paralysed by a floating eye for 3 turns
 48704 | Depths:2 | Identified the +5 chain mail of Xabu {Will+ rCorr}
 48909 | Depths:2 | Noticed a juggernaut
 48934 | Depths:2 | Killed a juggernaut
 49238 | Depths:2 | Reached XP level 22. HP: 138/138 MP: 42/42
 49481 | Depths:2 | Identified the +4 cloak of Peek-a-Boo {Contam Will+ Int+4
                  | Slay+3}
 49526 | Depths:2 | Identified the +0 long sword "Abecky" {vorpal, rF++ Int-5
                  | Dex+3}
 49776 | Depths:2 | Noticed a juggernaut
 49795 | Depths:2 | Killed a juggernaut
 49871 | Depths:2 | Found a one-way gate leading to the halls of Pandemonium.
 50501 | Depths:3 | Noticed Louise
 50568 | Depths:2 | Killed Louise
 50809 | Depths:3 | Reached skill level 15 in Fighting
 51308 | Depths:3 | Reached skill level 10 in Summonings
 51314 | Depths:3 | Reached skill level 10 in Earth Magic
 51391 | Depths:3 | Identified the +8 quarterstaff "Bagaufoi" {distort, rCorr
                  | Int+2}
 51492 | Depths:4 | Entered Level 4 of the Depths
 51499 | Depths:4 | Found a corrupted altar of Lugonu.
 51698 | Depths:4 | Noticed a juggernaut
 51707 | Depths:4 | Killed a juggernaut
 52074 | Depths:4 | Found a gate to the Realm of Zot.
 52188 | Depths:4 | Noticed a caustic shrike
 52188 | Depths:4 | Noticed a caustic shrike
 52194 | Depths:4 | Noticed a caustic shrike
 52194 | Depths:4 | Killed a caustic shrike
 52197 | Depths:4 | Noticed a caustic shrike
 52197 | Depths:4 | Noticed a caustic shrike
 52198 | Depths:4 | Noticed a caustic shrike
 52201 | Depths:4 | Noticed a caustic shrike
 52203 | Depths:4 | Killed a caustic shrike
 52204 | Depths:4 | Noticed a caustic shrike
 52207 | Depths:4 | Killed a caustic shrike
 52209 | Depths:4 | Killed a caustic shrike
 52224 | Depths:4 | Killed a caustic shrike
 52231 | Depths:4 | Killed a caustic shrike
 52337 | Depths:4 | Found a white marble altar of Elyvilon.
 52617 | Orc:2    | Bought a book of the Wilderness for 570 gold pieces
 52623 | Orc:2    | Learned a level 5 spell: Summon Forest
 52811 | Depths:4 | Noticed a caustic shrike
 52823 | Depths:4 | Killed a caustic shrike
 52824 | Depths:4 | Reached skill level 10 in Translocations
 52824 | Depths:4 | Noticed a caustic shrike
 52829 | Depths:4 | Killed a caustic shrike
 52839 | Depths:4 | Killed a caustic shrike
 52841 | Depths:4 | Killed a caustic shrike
 53183 | Depths:4 | Reached XP level 23. HP: 72/144 MP: 38/43
 53857 | Vaults:5 | Entered Level 5 of the Vaults
 54259 | Vaults:4 | Learned a level 5 spell: Summon Mana Viper
 54317 | Vaults:4 | Reached skill level 1 in Hexes
 55064 | Vaults:4 | HP: 5/145 [golden dragon/bolt of cold (36)]
 55323 | Vaults:4 | Reached skill level 5 in Hexes
 55809 | Vaults:4 | Reached skill level 15 in Spellcasting
 56323 | Vaults:5 | Got the Compendium of Bewitching Heat
 56672 | Vaults:5 | Got a silver rune of Zot
 57098 | Vaults:5 | Identified the +1 halberd "Pendulum" {vorpal, Int+2}
 57151 | Vaults:5 | Identified the +6 plate armour "Ureaforu" {rPois rN+}
 57494 | Zot:1    | Entered Level 1 of the Realm of Zot
 58269 | Zot:1    | Found a snail-covered altar of Cheibriados.
 58417 | Zot:1    | HP: 6/147 [red draconian scorcher/damnation (32)]
 58432 | Zot:1    | HP: 4/147 [black draconian/bolt of lightning (12)]
 58653 | Zot:1    | Noticed an orb of fire
 58654 | Zot:1    | Found a bloodstained altar of Trog.
 58693 | Zot:1    | Killed an orb of fire
 58694 | Zot:1    | Reached XP level 24. HP: 71/152 MP: 38/45
 58747 | Zot:1    | Learned a level 6 spell: Summon Cactus Giant
 60685 | Zot:2    | Learned a level 3 spell: Summon Guardian Golem
 61381 | Zot:3    | HP: 6/154 [white draconian stormcaller/divine providence
                  | (13)]
 61387 | Zot:3    | HP: 7/154 [black draconian knight/bolt of lightning (12)]
 61387 | Zot:3    | Killed from afar by a white draconian stormcaller

Illustrated notes

Levels and vault maps discovered:
D:1:      beargit_arrival_greenhouse, layout_basic, serial_rivers,
          chequers_serial_rivers_small_3, chequers_serial_rivers_micro_b,
          chequers_serial_rivers_room_b, chequers_serial_rivers_micro_e,
          hellmonk_ecumenical_altar_heavens_door
D:2:      layout_basic, serial_corexii_hall, corexii_hall_statues_x,
          chequers_hall_statues_y
D:3:      layout_rooms, mainiacjoe_overflow_six_doors_small, uniq_pargi,
          uniq_grinder
D:4:      layout_loops_ring, grunt_ashenzari_visionary
          [grunt_ashenzari_visionary_shoals, grunt_ashenzari_visionary_snake],
          cheibrodos_sewer_entry_bend, dreamdust_wishing_well,
          chequers_serial_rivers_small_b
D:5:      minmay_chambers_of_fours, layout_gridville,
          minmay_temple_entry_glassed_door
D:6:      layout_loops_corners, nrook_mini_backslash
D:7:      layout_gridville, nicolae_hepliaklqana_hippocampus,
          mainiacjoe_overflow_chevrons, serial_shops, nicolae_stop_n_shop_1,
          uniq_joseph
D:8:      layout_basic, dk_yredelemnul_ordeal, gammafunk_temple_overflow_pools,
          enter_bailey_2, uniq_erica
D:9:      layout_roguey, uniq_psyche
D:10:     minmay_general_purpose_star, layout_basic,
          nemelex_xobeh_ov_fountains_minmay, dpeg_oklobed_lair,
          minmay_misc_feat_x
D:11:     layout_irregular_city, orc_0_dummy
D:12:     layout_small_grid, serial_ice, serial_ice_m, serial_ice_a,
          serial_ice_d, serial_ice_f, serial_ice_b, serial_ice_o, serial_ice_g,
          serial_ice_n, serial_ice_h, serial_ice_c,
          portal_ice_cave_entry_pillars_1
D:13:     layout_loops_corners, grunt_vaults_entry_tiered, uniq_urug
D:14:     layout_irregular_city, enter_trove_6, uniq_lodul, uniq_roxanne
D:15:     hangedman_depths_entry_civil_slaughter, layout_small_grid,
          chequers_big_river, minmay_st_funbox
Temple:   eino_temple_water
Lair:1:   layout_layer_cave, st_stairs_4
Lair:2:   layout_roguey, minmay_shoals_entry_beasts
Lair:3:   layout_gridlike, gauntlet_entry_generic, grunt_megastairs_3,
          uniq_amaemon
Lair:4:   minmay_lair_oklob_tunnel, layout_loops_ring,
          minmay_snake_entry_guardpost_small, basic_altar,
          cheibrodos_lair_lostbears
Lair:5:   layout_hall_layers, special_room [special_room_mythical_zoo],
          grunt_forest_small_clearings, beast_lair_carwin_9
Lair:6:   evilmike_catoblepas_cave, layout_hall_layers, slime_dummy,
          nzn_masters_of_martial_movement, infiniplex_staircase_pool
Shoals:1: layout_shoals, nicolae_shoals_aquamancer_cove
Shoals:2: layout_shoals, ebering_ghost_inner_flame, uniq_frances
Shoals:3: layout_shoals, ebering_ghost_gozag, nicolae_shoals_drake_roost
Shoals:4: shoals_end_hellmonk_storm_palace [storm_palace_center_ruins,
          storm_palace_corner_narrow, storm_palace_corner_grid,
          storm_palace_corner_reverse_hut, storm_palace_corner_grid],
          serial_shops
Snake:1:  layout_rooms, basic_altar, grunt_megastairs_2
Snake:2:  nicolae_sea_snake_s, layout_grid_shapes, serial_shops,
          nicolae_shop_crystal, nicolae_stop_n_shop_2,
          nicolae_shop_overgrown_old_shop, nicolae_snake_magic_snake_eye
Snake:3:  layout_basic, nicolae_snake_salamander_jacuzzi
Snake:4:  minmay_snake_end_coiled, layout_misc_corridors, serial_shops,
          nicolae_shop_hallway_plus, lemuel_fruit_tree
Orc:1:    layout_caves, gammafunk_ghost_arena
Orc:2:    grunt_orc_cross, layout_caves
Vaults:1: nicolae_vaults_arrows, v_misc_14, nicolae_vaults_little_squares_1,
          hangedman_vaults_cutoff, vaults_dpeg_encased_lava,
          vaults_room_corners, layout_vaults_omnigrid, uniq_saint_roka,
          uniq_aizul
Vaults:2: nicolae_vaults_rhombus_6, v_alt_pattern_2, vaults_mumra_hex,
          ontoclasm_vaults_chip, v_pattern_4, nicolae_vaults_little_squares_1,
          ontoclasm_vaults_ligature, vaults_room_pool, hangedman_vaults_stream,
          grunt_vaults_hallway_short, hangedman_vaults_slither,
          nicolae_vaults_circle_grid_a, vaults_mumra_chevron_long, st_lattice,
          vaults_dpeg_cross, grunt_vaults_diagonal, layout_vaults_omnicross
Vaults:3: minmay_crypt_entry_nasty_monster, v_misc_8,
          vaults_standard_mumra_lines, nicolae_vaults_yaktaur_gun_rack,
          nicolae_vaults_fighting_squares, ontoclasm_vaults_bender,
          hangedman_vaults_snaps, v_misc_17, dpeg_vaults_monster_box, v_misc_23,
          layout_vaults_omnibox
Vaults:4: v_rooms_6, grunt_vaults_twisty, v_misc_28, v_alt_pattern_2, v_misc_4,
          ontoclasm_vaults_decontamination, nicolae_vaults_gold_heap,
          hangedman_vaults_impose, vaults_room_stairs_pillars,
          vaults_dpeg_diagonal, layout_vaults_big_room
Vaults:5
Depths:1: layout_roguey, enter_ziggurat_c, hell_entry, minmay_crystal_room,
          abyss_entry, special_room [special_room_jelly], serial_bayou_lagoon_a,
          bloody_trog, uniq_asterion
Depths:2: minmay_the_grid_triangle_9x9_recursive_2
          [minmay_the_grid_triangle_9x9_prize_schism,
          minmay_the_grid_triangle_9x9_limited_checkers,
          minmay_the_grid_triangle_9x9_steps,
          minmay_the_grid_triangle_9x9_windchime], layout_basic,
          grunt_pan_entry_sceptre, hell_entry, chequers_serial_rivers_micro_e,
          chequers_serial_rivers_micro_c, minmay_mirror_moons_of_madness,
          infiniplex_staircase_pool_2
Depths:3: wad_guarded_room, layout_cave_shapes,
          nicolae_abyss_entry_one_way_or_another, minmay_misc_feat_plants,
          grunt_pan_entry_in_and_out, pf_coc_iceberg
Depths:4: grunt_zot_entry_pinwheel, layout_basic, elyvilon_altar_3, hell_entry,
          amcnicky_altar_lugonu_corruption
Zot:1:    layout_basic, grunt_ministairs_8, hangedman_feature_mirror
Zot:2:    layout_gridlike
Zot:3:    layout_concentric_octagons

Skill      XL: |  1  2  3  4  5  6  7  8  9 10 11 12 13 14 15 16 17 18 19 20 21 22 23 24 |
---------------+-------------------------------------------------------------------------+-----
Axes           | 2 3 |  3.8
Fighting       | 3 4 5 7 8 9 10 11 12 14 15 16 | 16.6
Dodging        | 1 2 4 5 7 8 9 10 11 12 14 | 14.2
Maces & Flails | 1 2 4 6 7 8 9 11 12 13 14 15 | 15.8
Evocations     | 2 6 7 9 10 | 10.3
Throwing       | 2 4 |  4.4
Invocations    | 4 6 8 9 12 13 14 | 14.2
Armour         | 3 4 5 7 9 10 11 12 | 12.5
Shields        | 4 7 9 11 12 13 | 13.6
Spellcasting   | 4 8 12 13 14 16 | 16.1
Translocations | 4 7 9 10 11 | 11.1
Air Magic      | 3 7 9 |  9.1
Earth Magic    | 4 8 10 | 10.4
Summonings     | 4 8 11 12 13 | 13.3
Hexes          | 8 9 |  9.0

Action                   |  1- 3 |  4- 6 |  7- 9 | 10-12 | 13-15 | 16-18 | 19-21 | 22-24 || total
-------------------------+-------+-------+-------+-------+-------+-------+-------+-------++-------
Melee: War axe           |   120 |    21 |       |       |       |       |       |       ||   141
       Flail             |       |    71 |   332 |    67 |       |       |       |       ||   470
       Broad axe         |       |       |       |    86 |       |       |       |       ||    86
       Morningstar       |       |       |       |   405 |  1398 |  1857 |  2100 |  1489 ||  7249
       Sacred scourge    |       |       |       |       |   138 |    51 |   146 |   134 ||   469
Throw: Stone             |     1 |     4 |     6 |       |       |       |       |       ||    11
       Boomerang         |       |       |     4 |    28 |     6 |    37 |       |       ||    75
       Dart              |       |       |     2 |    19 |     6 |     1 |     7 |     3 ||    38
       Javelin           |       |       |       |       |       |     3 |     3 |     4 ||    10
 Cast: Swiftness         |       |       |       |       |       |       |     5 |     1 ||     6
       Animate Armour    |       |       |       |       |       |       |       |    56 ||    56
       Summon Forest     |       |       |       |       |       |       |       |     3 ||     3
       Summon Mana Viper |       |       |       |       |       |       |       |    14 ||    14
       Blink             |       |       |       |       |       |       |       |     2 ||     2
       Summon Guardian G |       |       |       |       |       |       |       |     5 ||     5
       Summon Cactus Gia |       |       |       |       |       |       |       |     1 ||     1
Invok: Divine Shield     |       |       |       |     4 |       |       |       |       ||     4
       Recite            |       |       |       |       |     6 |    36 |    32 |    19 ||    93
       Donate Gold       |       |       |       |       |     1 |       |       |       ||     1
       Brand Weapon With |       |       |       |       |     1 |       |       |       ||     1
       Vitalisation      |       |       |       |       |     1 |     3 |     8 |     3 ||    15
       Sanctuary         |       |       |       |       |       |     1 |     1 |     3 ||     5
       Imprison          |       |       |       |       |       |       |       |     1 ||     1
 Abil: Evoke Invisibilit |       |       |       |       |       |     6 |     1 |       ||     7
Evoke: Wand              |       |    10 |     9 |    13 |       |     8 |    14 |    20 ||    74
  Use: Scroll            |       |    13 |     9 |    10 |     7 |    15 |     8 |    10 ||    72
       Potion            |       |     2 |     4 |     3 |     4 |     8 |    13 |    17 ||    51
 Stab: Paralysed         |       |       |       |       |     3 |     4 |     1 |     4 ||    12
       Confused          |       |       |       |       |     1 |    30 |    12 |     1 ||    44
       Invisible         |       |       |       |       |       |    16 |    17 |       ||    33
       Distracted        |       |       |       |       |       |       |       |     5 ||     5
Armor: Scale mail        |    52 |    93 |    50 |       |       |       |       |       ||   195
       Chain mail        |       |       |   164 |    26 |       |       |       |       ||   190
       Plate armour      |       |       |       |   324 |   858 |   141 |       |       ||  1323
       Crystal plate arm |       |       |       |       |       |   754 |  1425 |  1049 ||  3228
Dodge: Dodged            |    61 |    85 |   122 |   211 |   447 |   490 |   908 |   516 ||  2840
Block: Buckler           |    28 |    33 |    77 |   140 |    46 |       |       |       ||   324
       Kite shield       |       |       |       |       |   883 |  1316 |  1579 |  1352 ||  5130
       Reflection        |       |       |       |       |       |    16 |       |    56 ||    72

Table legend: (Time is in decaauts)
 A = Elapsed time spent in this place.
 B = Non-inter-level travel time spent in this place.
 C = Inter-level travel time spent in this place.
 D = Time resting spent in this place.
 E = Time spent auto-exploring this place.
 F = Levels seen in this place.
 G = Mean time per level.
                   A        B        C        D        E       F      G
               +--------+--------+--------+--------+--------+-----+--------+
         Total |  60878 |  52346 |   8532 |   7305 |  25726 |  47 | 1295.3 |
       Dungeon |  18697 |  15908 |   2789 |   2615 |   8961 |  15 | 1246.5 |
        Temple |    266 |    213 |     53 |      0 |    193 |   1 |  266.0 |
          Lair |   6569 |   5817 |    752 |    190 |   3975 |   6 | 1094.8 |
        Shoals |   4795 |   4158 |    637 |    639 |   1810 |   4 | 1198.8 |
     Snake Pit |   4232 |   3777 |    455 |    314 |   1822 |   4 | 1058.0 |
  Orcish Mines |   2062 |   1638 |    424 |     49 |    820 |   2 | 1031.0 |
        Vaults |  12495 |  10087 |   2408 |   1553 |   3528 |   5 | 2499.0 |
        Depths |   6268 |   5486 |    782 |    782 |   2619 |   4 | 1567.0 |
           Zot |   3320 |   3090 |    230 |    571 |   1462 |   3 | 1106.7 |
        Bailey |    739 |    739 |      0 |    245 |    123 |   1 |  739.0 |
      Ice Cave |   1074 |   1074 |      0 |    326 |    411 |   1 | 1074.0 |
      Gauntlet |    357 |    357 |      0 |     19 |      0 |   1 |  357.0 |
               +--------+--------+--------+--------+--------+-----+--------+

Top non-repeatable levels by time:
Vaults:1: 3621 daAuts
Vaults:4: 3117 daAuts
     D:2: 2359 daAuts
Vaults:2: 2262 daAuts
Depths:4: 1993 daAuts
Vaults:3: 1991 daAuts
Depths:2: 1762 daAuts
Shoals:4: 1712 daAuts
    D:13: 1668 daAuts
    D:14: 1658 daAuts
Vaults:5: 1502 daAuts
    D:15: 1473 daAuts
 Snake:4: 1418 daAuts
  Lair:1: 1410 daAuts
    D:10: 1401 daAuts
